 Dungeon Crawl Stone Soup version 0.31.0-11-ge490571c62 (webtiles) character file.

Game seed: 4703073342427399553

645 qw the Shooter (level 7, -4/35 HPs)
             Began as a Spriggan Hunter on Feb 5, 2024.
             Was a Follower of Okawaru.
             Slain by a gnoll sergeant
             ... wielding a +0 trident
              (10 damage)
             ... on level 5 of the Dungeon.
             The game lasted 00:01:34 (2947 turns).

qw the Shooter (Spriggan Hunter)                    Turns: 2947, Time: 00:01:35

Health: -4/35      AC:  9    Str:  7    XL:     7   Next: 27%
Magic:  8/8        EV: 27    Int: 11    God:    Okawaru [*.....]
Gold:   378        SH:  0    Dex: 20    Spells: 6/6 levels left

rFire   . . .        a - +0 shortbow
rCold   . . .        (shield currently unavailable)
rNeg    . . .        c - +0 robe
rPois   .            (helmet restricted)
rElec   .            b - +2 cloak
rCorr   .            (gloves unavailable)
SInv    +            (boots unavailable)
Will    +....        (no amulet)
Stlth   ++           d - +5 ring of evasion
HPRegen 0.25/turn    m - +4 ring of protection
MPRegen 0.11/turn

%: no passive effects
@: very quick
A: very small, no large weapons, unfitting armour, see invisible, speed 3
a: Renounce Religion, Heroism


You were on level 5 of the Dungeon.
You worshipped Okawaru.
Okawaru was aware of your devotion.
You visited 2 branches of the dungeon, and saw 6 of its levels.

You collected 378 gold pieces.


Innate Abilities, Weirdness & Mutations

You are very small and have problems with some larger weapons.
You are too small for most types of armour.
You have supernaturally acute eyesight. (SInv)
You cover ground extremely quickly. (Speed+++)


   Skills:
 - Level 2.0 Fighting
 + Level 7.1 Ranged Weapons
 - Level 7.0 Dodging
 - Level 1.5 Stealth
 + Level 1.0 Invocations


You had 6 spell levels left.
You didn't know any spells.
Your spell library was empty.

Inventory:

Hand Weapons
 a - a +0 shortbow (weapon)
Armour
 b - a +2 cloak (worn)
 c - a +0 robe (worn)
Jewellery
 d - a +5 ring of evasion (left hand)
 m - a +4 ring of protection (right hand)
Wands
 e - a wand of mindburst (6)
 n - a wand of roots (8)
Potions
 h - a potion of degeneration {unknown}
 i - a potion of haste {unknown}
 j - a potion of curing {unknown}

Dungeon Overview and Level Annotations

Branches:
Dungeon (5/15)             Temple (1/1) D:4

Altars:
Dithmenos
Elyvilon
Fedhas
Hepliaklqana
Kikubaaqudgha
Makhleb
Okawaru
Ru
Sif Muna
Trog
Uskayaw
Vehumet
Wu Jian
Xom
Yredelemnul
Zin
The Shining One

Shops:
D:4 [


Message History

2937 ||| DRINKING potion of heal wounds.
You feel much better. The gnoll sergeant misses you.
The gnoll completely misses you.
You shoot an arrow. The arrow hits the gnoll.
The gnoll is heavily wounded.
The gnoll sergeant closely misses you. The gnoll completely misses you.
You shoot an arrow.
The arrow hits the gnoll but does no damage.
The gnoll is heavily wounded.
The gnoll hits you with a +0 club. The gnoll sergeant misses you.
You shoot an arrow. The arrow hits the gnoll.
The gnoll is severely wounded.
The gnoll completely misses you. The gnoll sergeant closely misses you.
You shoot an arrow. The arrow closely misses the gnoll.
The gnoll sergeant hits you from afar with a +0 trident!
The gnoll completely misses you.
You shoot an arrow. The arrow hits the gnoll!
You kill the gnoll!
Okawaru accepts your kill.
The gnoll sergeant completely misses you.
Your Invocations skill increases to level 1!
You shoot an arrow. The gnoll sergeant blocks the arrow.
The gnoll sergeant zaps a wand.
The bolt of dispelling energy misses you.
You shoot an arrow.
The arrow hits the gnoll sergeant but does no damage.
The gnoll sergeant is heavily wounded.
The gnoll sergeant zaps a wand.
The bolt of dispelling energy misses you.
You shoot an arrow. The arrow hits the gnoll sergeant.
The gnoll sergeant is severely wounded.
The gnoll sergeant hits you from afar with a +0 trident.
You shoot an arrow.
The arrow hits the gnoll sergeant but does no damage.
The gnoll sergeant is severely wounded.
The gnoll sergeant zaps a wand.
The bolt of dispelling energy hits you!
You shoot an arrow.
The arrow barely misses the gnoll sergeant.
The gnoll sergeant hits you from afar with a +0 trident!
You die...

##.+.........# #....#
..#.........# #....#
...........# #....#
#........## #¤...##
#........# ##¤#..##
#.!......####¤¤¤#..#
...##.........¤#¤#.#.#.#
......g).##...¤¤¤._.¤..#
.......#@##...¤#¤#¤#¤###
.....g##.##.....#¤¤¤##
!...g. #.[.......#¤##
### ..... ####.......¤#
#.. ...g. ##.......# #.#
.... #.......# #.# ....
#.......# #.# #.......#
#.# #.......####.#


You could see a gnoll sergeant.

Vanquished Creatures
  Sigmund (D:2)
  Eustachio (D:5)
  An orc priest (D:5)
  A jelly (D:5)
  An iguana (D:5)
  Robin (D:3)
  10 gnolls
  7 adders
  3 dart slugs
  A ribbon worm (D:3)
  3 orcs
  8 ball pythons
  8 endoplasms
  3 giant cockroaches
  13 goblins
  7 hobgoblins
  5 jackals
  3 quokkas
  5 bats
  5 frilled lizards
  6 kobolds
  6 rats
99 creatures vanquished.

Notes
Turn   | Place    | Note
-------+----------+-------------------------------------------
     0 | D:1      | qw the Spriggan Hunter began the quest for the Orb.
     0 | D:1      | Reached XP level 1. HP: 10/10 MP: 2/2
     0 | D:1      | 0 ||| qw: Version: 0.3-a-160-g6735b56
     0 | D:1      | 0 ||| qw: Game counter: 6286
     0 | D:1      | 0 ||| qw: Melee chars always use a shield: true
     0 | D:1      | 0 ||| qw: God list: Okawaru
     0 | D:1      | 0 ||| qw: Allow faded altars: false
     0 | D:1      | 0 ||| qw: Do Orc after clearing Dungeon:15 true
     0 | D:1      | 0 ||| qw: Do second Lair branch before Depths: true
     0 | D:1      | 0 ||| qw: Lair rune preference: random
     0 | D:1      | 0 ||| qw: Goals: Normal
     0 | D:1      | 0 ||| PLANNING D:1-11
    32 | D:1      | Reached skill level 3 in Dodging
    68 | D:1      | HP: 2/10 [frozen (2)]
   116 | D:1      | Reached XP level 2. HP: 14/14 MP: 3/3
   451 | D:1      | Reached XP level 3. HP: 18/18 MP: 4/4
   697 | D:1      | 697 ||| UPGRADING to +5 ring of evasion.
   698 | D:1      | 698 ||| READING scroll labelled XOENLUSAUW.
   699 | D:1      | 699 ||| READING scroll labelled HIEHOO ZECLEETO.
   700 | D:1      | 700 ||| DROPPING scroll of butterflies.
   755 | D:2      | 755 ||| RETREEEEATING.
   761 | D:2      | Noticed Sigmund
   762 | D:2      | 762 ||| RETREEEEATING.
   764 | D:2      | 764 ||| RETREEEEATING.
   776 | D:2      | 776 ||| FLEEEEING.
   777 | D:2      | 777 ||| FLEEEEING.
   778 | D:2      | 778 ||| FLEEEEING.
   780 | D:2      | 780 ||| FLEEEEING.
   781 | D:2      | 781 ||| FLEEEEING.
   782 | D:2      | 782 ||| FLEEEEING.
   784 | D:2      | 784 ||| FLEEEEING.
   785 | D:2      | 785 ||| FLEEEEING.
   801 | D:2      | Killed Sigmund
   802 | D:2      | Reached skill level 6 in Dodging
   802 | D:2      | Reached XP level 4. HP: 12/22 MP: 5/5
   802 | D:2      | Reached XP level 5. HP: 14/25 MP: 6/6
   874 | D:2      | 874 ||| FLEEEEING.
   875 | D:2      | 875 ||| FLEEEEING.
   876 | D:2      | 876 ||| FLEEEEING.
   877 | D:2      | 877 ||| FLEEEEING.
   878 | D:2      | 878 ||| FLEEEEING.
   879 | D:2      | 879 ||| FLEEEEING.
   880 | D:2      | 880 ||| FLEEEEING.
   881 | D:2      | 881 ||| FLEEEEING.
   882 | D:2      | 882 ||| FLEEEEING.
   883 | D:2      | 883 ||| FLEEEEING.
   884 | D:2      | 884 ||| FLEEEEING.
  1293 | D:2      | 1293 ||| UPGRADING to +2 cloak.
  1298 | D:2      | 1298 ||| DROPPING amulet of magic regeneration.
  1299 | D:2      | 1299 ||| UPGRADING to ring of willpower.
  1300 | D:2      | 1300 ||| READING scroll labelled MUGYSO LUXTIKH.
  1312 | D:3      | Noticed Robin
  1315 | D:3      | 1315 ||| STAIRDANCE
  1320 | D:3      | 1320 ||| STAIRDANCE
  1359 | D:3      | 1359 ||| STAIRDANCE
  1366 | D:3      | 1366 ||| STAIRDANCE
  1370 | D:2      | Reached XP level 6. HP: 27/30 MP: 7/7
  1382 | D:3      | 1382 ||| STAIRDANCE
  1387 | D:3      | 1387 ||| STAIRDANCE
  1392 | D:3      | 1392 ||| STAIRDANCE
  1416 | D:3      | Killed Robin
  1502 | D:3      | Found a faded altar of an unknown god.
  1985 | D:3      | 1985 ||| UPGRADING to ring of protection from cold.
  1987 | D:3      | 1987 ||| READING scroll labelled NED ATAGEIWEPS.
  1987 | D:3      | 1987 ||| IDENTIFYING green potion
  1988 | D:3      | 1988 ||| DRINKING 2 clear potions.
  2010 | D:3      | 2010 ||| DROPPING potion of lignification.
  2022 | D:4      | Found a hide-covered altar of Uskayaw.
  2323 | D:4      | Found a basalt altar of Yredelemnul.
  2448 | D:4      | Reached skill level 6 in Ranged Weapons
  2496 | D:4      | Found Xowkoas's Armour Shop.
  2499 | D:4      | Found a glowing golden altar of the Shining One.
  2500 | D:4      | 2500 ||| UPGRADING to +4 ring of protection.
  2590 | D:4      | Found a staircase to the Ecumenical Temple.
  2591 | D:4      | 2591 ||| PLANNING TEMPLE
  2591 | D:4      | 2591 ||| DROPPING ring of willpower.
  2592 | D:4      | 2592 ||| DROPPING ring of protection from cold.
  2593 | D:4      | 2593 ||| READING scroll of identify.
  2593 | D:4      | 2593 ||| IDENTIFYING fuming ruby potion
  2594 | D:4      | 2594 ||| DROPPING potion of berserk rage.
  2604 | Temple   | Entered the Ecumenical Temple
  2605 | Temple   | 2605 ||| PLANNING D:1-11
  2672 | D:5      | Entered Level 5 of the Dungeon
  2700 | D:5      | Found an iron altar of Okawaru.
  2715 | D:5      | 2715 ||| PLANNING OKAWARU WORSHIP
  2718 | D:5      | 2718 ||| READING scroll labelled XIVOQE TURPHAOL DUU.
  2720 | D:5      | 2720 ||| Stepping ~*~*~tactically~*~*~ (cloud).
  2803 | D:5      | Became a worshipper of Warmaster Okawaru
  2804 | D:5      | 2804 ||| PLANNING D:1-11
  2830 | D:5      | Found a shadowy altar of Dithmenos.
  2858 | D:5      | Noticed Eustachio
  2859 | D:5      | 2859 ||| ZAPPING wand of mindburst (10) at -1,-7
                  | (Eustachio; floor).
  2860 | D:5      | 2860 ||| ZAPPING wand of mindburst (9) at 0,-6 (Eustachio;
                  | floor).
  2861 | D:5      | 2861 ||| ZAPPING wand of mindburst (8) at 0,-5 (Eustachio;
                  | floor).
  2862 | D:5      | 2862 ||| ZAPPING wand of mindburst (7) at 0,-4 (Eustachio;
                  | floor).
  2862 | D:5      | Killed Eustachio
  2862 | D:5      | Reached * piety under Okawaru
  2863 | D:5      | Reached XP level 7. HP: 35/35 MP: 8/8
  2923 | D:5      | 2923 ||| RETREEEEATING.
  2924 | D:5      | 2924 ||| RETREEEEATING.
  2936 | D:5      | HP: 7/35 [gnoll/+0 club[a gnoll sergeant] (3)]
  2937 | D:5      | 2937 ||| DRINKING potion of heal wounds.
  2943 | D:5      | Reached skill level 1 in Invocations
  2946 | D:5      | HP: 6/35 [gnoll sergeant/bolt of dispelling energy (9)]
  2947 | D:5      | Slain by a gnoll sergeant

Levels and vault maps discovered:
D:1:      scummos_arrival_star, layout_loops_ring
D:2:      layout_rooms, minmay_randomly_rotated_circles, uniq_sigmund
D:3:      layout_loops_ring, hellmonk_ecumenical_altar_arch_garden,
          nicolae_titane, uniq_robin
D:4:      layout_loops_ring, lemuel_round_altar, mainiacjoe_overflow_alcove_2,
          amcnicky_altar_gilded, minmay_temple_entry_butterflies, serial_shops,
          shop
D:5:      layout_basic, grunt_dithmenos_smoke_and_mirrors, lemuel_doored_altar,
          nemelex_diamond_rough_becter, serial_shops, shop,
          amcnicky_mini_pool_medium, uniq_eustachio, uniq_duvessa
Temple:   nicolae_temple_godzebo

Skill      XL: |  1  2  3  4  5  6  7 |
---------------+----------------------+-----
Dodging        | 3 4 6 7 |  7.0
Ranged Weapons | 5 7 |  7.1
Fighting       | 2 |  2.0
Invocations    | 1 |  1.0
Stealth        | |  1.5

Action                     |  1- 3 |  4- 6 |  7- 9 || total
---------------------------+-------+-------+-------++-------
   Fire: Shortbow          |   105 |   178 |    39 ||   322
  Evoke: Wand              |       |     4 |       ||     4
    Use: Scroll            |     2 |     4 |       ||     6
         Potion            |       |     1 |     1 ||     2
 Armour: Robe              |    10 |    24 |    12 ||    46
  Dodge: Dodged            |    33 |   138 |    31 ||   202

Table legend:
 A = Non-vault XP
 B = Vault XP
 C = Vault XP percentage of total XP
 D = Non-vault monster count
 E = Vault monster count
 F = Vault count percentage of total count
                 A         B        C        D         E       F
            +---------+---------+-------+---------+---------+-------
      Total |     463 |     459 |  49.8 |      79 |      20 |  20.2
            +---------+---------+-------+---------+---------+-------
        D:1 |      49 |       0 |   0.0 |      27 |       0 |   0.0
        D:2 |      84 |     258 |  75.4 |      14 |      18 |  56.2
        D:3 |      90 |      16 |  15.1 |      15 |       1 |   6.2
        D:4 |      45 |       0 |   0.0 |      13 |       0 |   0.0
        D:5 |     195 |     185 |  48.7 |      10 |       1 |   9.1
            +---------+---------+-------+---------+---------+-------
